 Dungeon Crawl Stone Soup version 0.30-a0-956-gcec3b41aec (webtiles) character file.

Game seed: 8780836685652738488

106 Demosthentine the Poker (level 4, -9/35 HPs)
             Began as a Demonspawn Gladiator on Mar 29, 2023.
             Mangled by Crazy Yiuf
             ... wielding a +2 quarterstaff of chaos
              (12 damage)
             ... on level 2 of the Dungeon.
             The game lasted 00:01:37 (1672 turns).

Demosthentine the Poker (Demonspawn Gladiator)      Turns: 1672, Time: 00:01:38

Health: -9/35      AC:  8    Str: 17    XL:     4   Next: 55%
Magic:  1/4        EV: 12    Int:  9    God:
Gold:   136        SH:  0    Dex: 14    Spells: 3/3 levels left

rFire   . . .      SeeInvis .    a - +0 trident
rCold   . . .      Faith    .    (no shield)
rNeg    + + +      Spirit   .    b - +0 leather armour
rPois   .          Reflect  .    c - +1 helmet
rElec   .          Rampage  .    (no cloak)
rCorr   .                        j - +1 pair of gloves of Makhleb's Fury {rN+++}
Will    .....                    (no boots)
Stlth   +                        (no amulet)
HPRegen 0.25/turn                (no ring)
MPRegen 0.09/turn                (no ring)

@: no status effects
A: rugged brown scales 1, foul stench 1
a: no special abilities


You were on level 2 of the Dungeon.
You visited 1 branch of the dungeon, and saw 2 of its levels.

You collected 136 gold pieces.

Inventory:

Hand Weapons
 a - a +0 trident (weapon)
 g - the +4 hammer "Xineihat" {protect, Will+ rCorr Str+2}
   (You took it off a goblin on level 2 of the Dungeon)

   Str:       It affects your strength (+2).
   rCorr:     It protects you from acid and corrosion.
   Will:      It increases your willpower.
Missiles
 e - a javelin (quivered)
Armour
 b - a +0 leather armour (worn)
 c - a +1 helmet (worn)
 j - the +1 pair of gloves of Makhleb's Fury (worn) {rN+++}
   (You found it on level 2 of the Dungeon)

   rN:        It renders you almost immune to negative energy.
Scrolls
 i - a scroll of teleportation {unknown}
 l - a scroll of magic mapping {unknown}
Potions
 f - 2 potions of magic {unknown}
 h - 2 potions of curing
 k - a potion of resistance {unknown}
 m - a potion of brilliance {unknown}


   Skills:
 + Level 2.9 Fighting
 + Level 3.3 Polearms
 - Level 1.7 Throwing
 + Level 1.7 Armour
 + Level 3.3 Dodging


You had 3 spell levels left.
You didn't know any spells.
Your spell library contained the following spells:

 Spells                   Type           Power      Damage    Failure   Level
 Blink                    Tloc           0%         N/A       58%         2
 Lesser Beckoning         Tloc           0%         N/A       58%         2
 Momentum Strike          Conj/Tloc      0%         3d8       58%         2


Dungeon Overview and Level Annotations

Branches:
Dungeon (2/15)

Altars:

Annotations:
D:2 Crazy Yiuf


Innate Abilities, Weirdness & Mutations

You are partially covered in rugged brown scales. (AC +1, +3% HP)
You may rarely emit foul miasma when damaged in melee.


Message History

Crazy Yiuf drinks a potion.
Crazy Yiuf goes berserk!
Throw: 2 throwing nets
Press: ? - help, Q - select action, (/) - cycle Shift-Dir - straight line, f/p - Crazy Yiuf
Aim: Crazy Yiuf, wielding a +2 quarterstaff of chaos and wearing a +0 cloak (berserk, 63% to hit)
You throw a throwing net. The throwing net hits Crazy Yiuf.
Crazy Yiuf is caught in the net!
Crazy Yiuf struggles against the net. x2
You hit Crazy Yiuf.
Crazy Yiuf is moderately wounded.
Crazy Yiuf struggles against the net.
The net rips apart, and Crazy Yiuf comes free!
You hit Crazy Yiuf. Your punch misses Crazy Yiuf.
Crazy Yiuf is moderately wounded.
Crazy Yiuf barely misses you.
Crazy Yiuf hits you with a +2 quarterstaff of chaos!
Crazy Yiuf burns you.
You hit Crazy Yiuf.
Crazy Yiuf is heavily wounded.
Crazy Yiuf hits you with a +2 quarterstaff of chaos!
Crazy Yiuf burns you. Crazy Yiuf closely misses you.
You hit Crazy Yiuf.
Crazy Yiuf is severely wounded.
Crazy Yiuf hits you with a +2 quarterstaff of chaos!
* * * LOW HITPOINT WARNING * * *
You feel your power leaking away.
Throw: throwing net
Press: ? - help, Q - select action, (/) - cycle Shift-Dir - straight line, f/p - Crazy Yiuf
Aim: Crazy Yiuf, wielding a +2 quarterstaff of chaos and wearing a +0 cloak (severely wounded, berserk, 63% to hit)
You throw a throwing net. The throwing net hits Crazy Yiuf.
Crazy Yiuf is caught in the net!
Crazy Yiuf is severely wounded.
Crazy Yiuf struggles against the net. x2
You hit Crazy Yiuf but do no damage.
Crazy Yiuf is severely wounded.
Crazy Yiuf struggles against the net.
The net rips apart, and Crazy Yiuf comes free!
You completely miss Crazy Yiuf.
Crazy Yiuf is severely wounded.
Crazy Yiuf hits you with a +2 quarterstaff of chaos!
You die...

..####.##.#########.#######
#.# #.##.# ### #.# #.##.#
#.####.##.# #####
#.#....##.# #.()#
#.#.#####.## #...#
.>..<......# ...
###.###.#..# #g#
##.###.#.## ##@#
##..<#....## #.##
#..........# ##.#
##...#)....# #.##
##.###)#### ##.## #######
###......# #..)##
#.....#### #.#.#### ##...#
#.....†..# #.#.# #....#
########.# #...#
###....####........###


You could see Crazy Yiuf (berserk).

Vanquished Creatures
  Jessica (D:2)
  Robin (D:2)
  An adder (D:2)
  A worm (D:2)
  A dart slug (D:1)
  2 ball pythons (D:2)
  6 endoplasms
  2 giant cockroaches
  15 goblins
  2 hobgoblins
  2 jackals (D:1)
  A quokka (D:1)
  7 bats
  3 frilled lizards (D:2)
  4 kobolds
  A rat (D:2)
50 creatures vanquished.

Notes
Turn   | Place    | Note
-------+----------+-------------------------------------------
     0 | D:1      | Demosthentine the Demonspawn Gladiator began the quest for
                  | the Orb.
     0 | D:1      | Reached XP level 1. HP: 16/16 MP: 1/1
    39 | D:1      | Found a faded altar of an unknown god.
   246 | D:1      | Gained mutation: You may rarely emit foul miasma when
                  | damaged in melee. [demonic ancestry]
   246 | D:1      | Reached XP level 2. HP: 22/22 MP: 2/2
   802 | D:1      | Reached skill level 1 in Armour
   956 | D:2      | Reached XP level 3. HP: 21/28 MP: 3/3
  1047 | D:2      | Identified the +4 hammer "Xineihat" {protect, Will+ rCorr
                  | Str+2}
  1093 | D:2      | Identified the +1 pair of gloves of Makhleb's Fury {rN+++}
  1184 | D:2      | Noticed Jessica
  1194 | D:2      | Killed Jessica
  1195 | D:2      | Gained mutation: You are partially covered in rugged brown
                  | scales. (AC +1, +3% HP) [demonic ancestry]
  1195 | D:2      | Reached XP level 4. HP: 28/35 MP: 4/4
  1235 | D:2      | Noticed Robin
  1274 | D:2      | Killed Robin
  1589 | D:2      | Found a runed translucent door.
  1590 | D:2      | Noticed Crazy Yiuf
  1672 | D:2      | Mangled by Crazy Yiuf

Illustrated notes

Levels and vault maps discovered:
D:1:      ncdulo_halloftheorcs, layout_basic,
          shapermc_ecumenical_altar_starsandcircs
D:2:      layout_loops_ring, uniq_crazy_yiuf_cottage, uniq_robin, uniq_jessica

Skill      XL: |  1  2 |
---------------+-------+-----
Polearms       | 3 |  3.3
Armour         | 1 |  1.7
Dodging        | 3 |  3.3
Fighting       | |  2.9
Throwing       | |  1.7

Action                     |  1- 3 |  4- 6 || total
---------------------------+-------+-------++-------
  Melee: Trident           |    95 |    66 ||   161
  Throw: Throwing net      |       |     3 ||     3
    Use: Scroll            |     2 |       ||     2
         Potion            |       |     1 ||     1
   Stab: Sleeping          |     6 |     1 ||     7
 Armour: Leather armour    |    26 |    28 ||    54
  Dodge: Dodged            |    47 |    34 ||    81

Table legend: (Time is in decaauts)
 A = Elapsed time spent in this place.
 B = Non-inter-level travel time spent in this place.
 C = Inter-level travel time spent in this place.
 D = Time resting spent in this place.
 E = Time spent auto-exploring this place.
 F = Levels seen in this place.
 G = Mean time per level.
                   A        B        C        D        E       F      G
               +--------+--------+--------+--------+--------+-----+--------+
         Total |   1702 |   1657 |     45 |     47 |   1262 |   2 |  851.0 |
       Dungeon |   1702 |   1657 |     45 |     47 |   1262 |   2 |  851.0 |
               +--------+--------+--------+--------+--------+-----+--------+

Top non-repeatable levels by time:
     D:1: 905 daAuts
     D:2: 796 daAuts
